 Dungeon Crawl Stone Soup version 0.16-a0-324-g99bef82 (webtiles) character file.

1537 PolkaDot the Summoner (level 8, -5/52 HPs)
             Began as a Vampire Summoner on Sept 3, 2014.
             Was a Believer of Sif Muna.
             Slain by an orc warrior
             ... wielding a +0 flail
              (16 damage)
             ... on Level 7 of the Dungeon.
             The game lasted 00:40:00 (8402 turns).

PolkaDot the Summoner (Vampire Summoner)            Turns: 8402, Time: 00:40:01

HP  -5/52        AC  5     Str  7      XL: 8   Next: 56%
MP   2/23        EV 13     Int 19      God: Sif Muna [**....]
Gold 450         SH  0     Dex 18      Spells:  3 memorised,  3 levels left

rFire  . . .     SeeInvis +     z - +0 quarterstaff
rCold  . . .     Clarity  .     a - +1 robe
rNeg   + . .     rCorr    .     (no shield)
rPois  .         rRot     .     (no helmet)
rElec  .         Spirit   .     (no cloak)
SustAb .         Warding  .     y - +1 pair of gloves (curse)
rMut   .         Stasis   +     (no boots)
Gourm  .                        A - amulet of stasis
MR     .....                    t - +4 ring of dexterity
                                v - ring of magical power

@: not resistant to hostile enchantments, fairly stealthy
A: bottle blood, fangs 3, see invisible, unbreathing
a: Bat Form, Bottle Blood, Channel Energy, Forget Spell, Renounce Religion


You were on level 7 of the Dungeon.
You worshipped Sif Muna.
Sif Muna was pleased with you.
You were not thirsty.

You visited 2 branches of the dungeon, and saw 8 of its levels.
You also visited: Sewer.

You collected 450 gold pieces.

Inventory:

Hand weapons
 z - a +0 quarterstaff (weapon)
Armour
 a - a +1 robe (worn)
 y - a cursed +1 pair of gloves (worn)
Magical devices
 h - a wand of random effects (12)
 i - a wand of polymorph (23)
 w - a wand of random effects (8)
Scrolls
 d - 2 scrolls of fear
 e - 5 scrolls of remove curse
 l - a scroll of vulnerability
 D - a scroll of identify
 E - a scroll of magic mapping {unknown}
Jewellery
 f - an uncursed ring of protection from fire
 s - an uncursed ring of protection from magic
 t - a +4 ring of dexterity (right hand)
 v - a ring of magical power (left hand)
 A - an amulet of stasis (around neck)
Potions
 c - 2 potions of agility
 g - a potion of cancellation
 j - 2 potions of brilliance
 k - a potion of invisibility {unknown}
 m - 3 potions of haste
 n - a potion of restore abilities
 o - a potion of magic
 p - a potion of lignification
 q - 2 potions of might
 r - 3 potions of flight
 x - 5 potions of curing
 B - 7 potions of heal wounds {unknown}
 C - a potion of resistance
Books
 b - a book of Callings

   Spells                             Type                      Level
   Summon Small Mammal                Summoning                    1
   *Call Imp                          Summoning                    2
   *Call Canine Familiar              Summoning                    3
   Summon Guardian Golem              Hexes/Summoning              4
   Summon Lightning Spire             Summoning/Air                4
   *Summon Ice Beast                  Ice/Summoning                4
 u - a book of Unlife

   Spells                             Type                      Level
   Recall                             Summoning/Translocation      3
   Animate Dead                       Necromancy                   4
   Control Undead                     Necromancy                   4
   Twisted Resurrection               Necromancy                   5
   Death Channel                      Necromancy                   6
   Simulacrum                         Ice/Necromancy               6


   Skills:
   Level 2.2 Short Blades
 + Level 1.7 Staves
 - Level 1.0 Throwing
 - Level 2.1 Dodging
 - Level 3.0 Stealth
 - Level 2.5 Spellcasting
 * Level 9.8 Summonings
 + Level 4.0 Ice Magic


You had 3 spell levels left.
You knew the following spells:

 Your Spells              Type           Power        Failure   Level  Hunger
d - Call Canine Familiar  Summ           #####...     1%          3    ###....
i - Summon Ice Beast      Ice/Summ       ####....     12%         4    #####..
s - Call Imp              Summ           #####...     1%          2    ##.....


Dungeon Overview and Level Annotations

Branches:
Dungeon (7/15)             Temple (1/1) D:6

Altars:
Elyvilon
Makhleb
Qazlal
Sif Muna


Innate Abilities, Weirdness & Mutations

You can bottle blood from corpses.
You have razor-sharp teeth.
You have supernaturally acute eyesight.
You can survive without breathing.


Message History

You fail to use your ability.
Your wolf bites the goliath beetle but does no damage.
Your ice beast misses the orc warrior.
The goliath beetle barely misses your ice beast.
Your ice beast hits the goliath beetle but does no damage.
You hit the orc warrior but do no damage.
Your bite misses the orc warrior.
The orc warrior is moderately wounded.
Your wolf bites the goliath beetle but does no damage.
Your ice beast barely misses the orc warrior.
Your wolf barely misses the goliath beetle.
The orc warrior hits you with a flail.
* * * LOW HITPOINT WARNING * * *
Your ice beast hits the orc warrior but does no damage.
Your ice beast misses the orc warrior.
You hit the orc warrior.
The orc warrior is moderately wounded.
Your wolf bites the goliath beetle but does no damage.
Your wolf bites the goliath beetle.
The orc warrior hits you with a flail!
You die...

###..###.....<.......
#.h..# #######.....##
#.##.# ###.#.#.##
##.##.## ##.....#...
#..##.(## #........).
#..###.(###........##.
##[(.##.(##.........).
###..#.....#.....##..
##@5.##.###.##.###.
#..oY.#.#... #. #.
####..%Y.# .... ## ..
#.....YB.# .... ..
###....#h#..... #.
####)#5....... ##
#.[........
###........ .#.....


You could see a goliath beetle, an orc warrior, 3 friendly ice beasts, a
friendly wolf, a friendly crimson imp and a friendly shadow imp.

Vanquished Creatures
  Pikel (D:6)
  A goliath beetle (D:7)
  An orc priest (D:5)
  A centaur skeleton (D:6)
  2 orc wizards
  2 worker ants
  A gnoll (D:5)
  2 green rats (Sewer)
  6 adders
  A shadow imp (D:7)
  A worm (D:4)
  An orc skeleton (D:6)
  4 giant geckos
  4 oozes
  16 orcs
  A giant cockroach (D:1)
  8 goblins
  9 hobgoblins
  3 quokkas
  4 ball pythons
  A ball python skeleton (D:4)
  11 bats
  5 giant newts
  A goblin zombie (D:5)
  A hobgoblin zombie (D:6)
  3 jackals (D:4)
  25 kobolds
  18 rats
134 creatures vanquished.

Vanquished Creatures (collateral kills)
  A hungry ghost (D:7)
  Menkaure (D:7)
  An ice beast (D:5)
  2 ogres
  3 phantoms
  A centaur (D:7)
  Sigmund (D:5)
  2 giant frogs (D:6)
  A gnoll sergeant (D:5)
  A jelly (D:5)
  A crimson imp (D:7)
  2 goliath beetles
  A worker ant (D:6)
  5 gnolls (D:5)
  7 adders
  8 green rats (Sewer)
  A giant mite (D:6)
  2 worms (D:2)
  2 giant geckos
  3 oozes
  12 orcs
  A giant cockroach (D:4)
  5 hobgoblins
  A jackal (D:4)
  4 kobolds
  A quokka (D:7)
  3 ball pythons (Sewer)
  4 bats
  2 goblins
  5 rats (Sewer)
84 creatures vanquished.

Vanquished Creatures (others)
  3 ice beasts
  An iron imp (D:5)
  A crimson imp (D:4)
  4 hounds
  A worker ant (D:6)
  An iguana (D:6)
  A white imp (D:7)
  4 shadow imps
  2 bats
  2 orc skeletons
  2 quokkas
  2 rats (D:2)
24 creatures vanquished.

Grand Total: 242 creatures vanquished

Notes
Turn   | Place    | Note
--------------------------------------------------------------
     0 | D:1      | PolkaDot, the Vampire Summoner, began the quest for the Orb.
     0 | D:1      | Reached XP level 1. HP: 13/13 MP: 3/3
   504 | D:1      | Reached XP level 2. HP: 19/19 MP: 4/4
  1087 | D:1      | Reached skill level 1 in Throwing
  1190 | D:1      | Learned a level 2 spell: Call Imp
  1368 | D:2      | Reached skill level 1 in Short Blades
  1517 | D:2      | Reached XP level 3. HP: 21/24 MP: 6/6
  1894 | D:2      | HP: 1/24 [poisoned by an adder]
  1980 | D:2      | HP: 1/24 [worm (9)]
  1988 | D:2      | HP: 1/24 [giant gecko (2)]
  2253 | D:2      | Reached XP level 4. HP: 22/30 MP: 4/7
  2264 | D:2      | Learned a level 3 spell: Call Canine Familiar
  2625 | D:3      | Reached skill level 5 in Summonings
  2743 | D:3      | HP: 1/30 [adder (3)]
  3307 | D:4      | Reached XP level 5. HP: 7/35 MP: 2/9
  4126 | D:4      | Noticed an ogre
  4139 | D:4      | Killed an ogre
  4139 | D:4      | Reached skill level 6 in Summonings
  4472 | D:5      | Entered Level 5 of the Dungeon
  4559 | D:5      | Reached XP level 6. HP: 35/41 MP: 1/11
  4579 | D:5      | Noticed a phantom
  4602 | D:5      | Killed a phantom
  4884 | D:5      | Noticed an ice beast
  4909 | D:5      | Killed an ice beast
  4909 | D:5      | Reached skill level 7 in Summonings
  5022 | D:5      | Learned a level 4 spell: Summon Ice Beast
  5310 | D:5      | Found a white marble altar of Elyvilon.
  5381 | D:5      | Noticed Sigmund
  5394 | D:5      | Killed Sigmund
  5394 | D:5      | Reached skill level 1 in Ice Magic
  5394 | D:5      | Reached XP level 7. HP: 26/46 MP: 9/12
  5757 | D:6      | Found a staircase to the Ecumenical Temple.
  5773 | Temple   | Entered the Ecumenical Temple
  5782 | Temple   | Became a worshipper of Sif Muna the Loreminder
  5850 | D:6      | Noticed Pikel
  5863 | D:6      | Killed Pikel
  5863 | D:6      | Reached skill level 8 in Summonings
  5867 | D:6      | Acquired Sif Muna's first power
  6000 | D:6      | Reached XP level 8. HP: 15/52 MP: 9/14
  6009 | D:6      | Reached skill level 9 in Summonings
  6079 | D:6      | Found a glowing drain.
  6101 | Sewer    | Entered a sewer
  7990 | D:7      | Reached skill level 1 in Staves
  8012 | D:7      | Noticed Menkaure
  8019 | D:7      | Killed Menkaure
  8335 | D:7      | Acquired Sif Muna's second power
  8402 | D:7      | Slain by an orc warrior

Action                   |  1- 3 |  4- 6 |  7- 9 || total
-------------------------+-------+-------+-------++-------
Melee: Unarmed           |    23 |       |       ||    23
       Dagger            |   129 |   273 |    78 ||   480
       Quarterstaff      |       |       |   154 ||   154
Throw: Stone             |    28 |     8 |       ||    36
 Cast: Summon Small Mamm |     6 |     5 |     1 ||    12
       Call Imp          |    15 |    22 |    22 ||    59
       Call Canine Famil |       |    11 |    14 ||    25
       Summon Ice Beast  |       |     2 |    24 ||    26
Invok: Channel Energy    |       |       |    27 ||    27
Evoke: Wand              |       |     1 |     4 ||     5
  Use: Potion            |     6 |     6 |       ||    12
       Scroll            |       |    12 |     7 ||    19
 Stab: Sleeping          |     5 |    10 |     4 ||    19
       Distracted        |     1 |     1 |     6 ||     8
  Eat: Corpse            |    15 |    25 |    19 ||    59
